[Event "FIDE WCCC U12 2018"]
[Site "Santiago de Compostela"]
[Date "2018.11.04"]
[Round "1"]
[White "Maurizzi, Marc Andria"]
[Black "Fernandez Lopez, Pedro"]
[Result "1-0"]
[ECO "B01"]
[WhiteElo "2103"]
[BlackElo "1572"]
[Annotator "ChessBase"]
[PlyCount "71"]
[EventDate "2018.11.04"]
[EventType "swiss"]
[EventCountry "ESP"]
[SourceTitle "playchess.com"]
[Source "ChessBase"]
[SourceQuality "1"]
[TimeControl "40/5400+30:1800+30"]

1. e4 d5 2. exd5 Qxd5 3. Nc3 Qd8 4. d4 Nf6 5. Nf3 Bg4 6. h3 Bxf3 7. Qxf3 c6 8. Qd3 e6 9. g3 Be7 10. Bg2 Nbd7 11. O-O O-O 12. b3 Nb6 13. Bb2 Qc7 14. Ne2 Rfd8 15. c4 Rac8 16. Rfd1 Nbd7 17. Rac1 Qb6 18. Nf4 Nf8 19. Qe2 Ng6 20. Nd3 Qa6 21. a3 h6 22. Nc5 Qb6 23. b4 Qc7 24. d5 exd5 25. cxd5 Nxd5 26. Ne6 fxe6 27. Qxe6+ Kh7 28. Rxd5 Rxd5 29. Bxd5 Qd8 30. Be4 Bf6 31. Bxf6 gxf6 32. Qf7+ Kh8 33. Qxg6 Rc7 34. Qxh6+ Kg8 35. Qf4 Rg7 36. Kg2 1-0

[Event "FIDE WCCC U12 2018"]
[Site "Santiago de Compostela"]
[Date "2018.11.04"]
[Round "1"]
[White "Macias de Castro, Alberto"]
[Black "Vergara Anton, Diego"]
[Result "0-1"]
[ECO "C01"]
[WhiteElo "1586"]
[BlackElo "2132"]
[Annotator "ChessBase"]
[PlyCount "58"]
[EventDate "2018.11.04"]
[EventType "swiss"]
[EventCountry "ESP"]
[SourceTitle "playchess.com"]
[Source "ChessBase"]
[SourceQuality "1"]
[TimeControl "40/5400+30:1800+30"]

1. e4 e6 2. d4 d5 3. exd5 exd5 4. Bd3 Nc6 5. c3 Bd6 6. Qc2 h6 7. Nf3 Bg4 8. Nbd2 Qe7+ 9. Be2 O-O-O 10. h3 Bd7 11. Nb3 Re8 12. Be3 f5 13. g3 Bxg3 14. Nc5 Qxe3 15. fxg3 Qxf3 16. Rg1 Qe3 17. Rg2 Nf6 18. Rd1 f4 19. Rd3 Qe7 20. gxf4 Bf5 21. Qb3 Na5 22. Qb5 Bxd3 23. Nxd3 Nc4 24. Nc5 c6 25. Qa4 Kb8 26. Qb4 Ne3 27. Na6+ Ka8 28. Qxe7 Nxg2+ 29. Kf2 Rxe7 0-1

[Event "FIDE WCCC U12 2018"]
[Site "Santiago de Compostela"]
[Date "2018.11.05"]
[Round "2"]
[White "Yoo, Christopher Woojin"]
[Black "Oberoi, Shelev"]
[Result "1-0"]
[ECO "C73"]
[WhiteElo "2407"]
[BlackElo "1935"]
[Annotator "RC"]
[PlyCount "89"]
[EventDate "2018.11.04"]
[EventType "swiss"]
[EventCountry "ESP"]
[SourceTitle "playchess.com"]
[Source "ChessBase"]
[SourceQuality "1"]
[TimeControl "40/5400+30:1800+30"]

1. e4 e5 2. Nf3 Nc6 3. Bb5 a6 4. Ba4 d6 5. Bxc6+ bxc6 6. d4 f6 7. h3 Ne7 8. Nc3 Ng6 9. Be3 Be7 10. Qd3 Be6 11. O-O-O Qc8 12. d5 cxd5 13. Nxd5 Qb7 14. Qc4 Kf7 15. Qa4 Rab8 16. b3 Rhd8 17. Ne1 Bxd5 18. Rxd5 c6 19. Ra5 Ra8 20. Nd3 Rd7 21. Nb4 c5 22. Nxa6 Qc8 23. Qc4+ Kf8 24. b4 cxb4 25. Qxc8+ Rxc8 26. Nxb4 Rc4 27. Nd5 Rxe4 28. f3 Rh4 29. g3 Rh5 30. g4 Rh4 31. Rb5 Bd8 32. a4 Ne7 33. Nxe7 Kxe7 34. a5 Rc7 35. a6 Rc8 36. Rb7+ Bc7 37. Bb6 Kd7 38. a7 Kc6 39. Rxc7+ Rxc7 40. a8=Q+ Kxb6 41. Kd2 Kc5 42. Ra1 Kd4 43. Qe4+ Kc5 44. Ra5+ Kb6 45. Qb4+ 1-0

[Event "FIDE WCCC U12 2018"]
[Site "Santiago de Compostela"]
[Date "2018.11.05"]
[Round "2"]
[White "Guo, Arthur"]
[Black "Haack, Kevin"]
[Result "*"]
[ECO "B75"]
[WhiteElo "2333"]
[BlackElo "1911"]
[Annotator "RC"]
[PlyCount "113"]
[EventDate "2018.11.04"]
[EventType "swiss"]
[EventCountry "ESP"]
[SourceTitle "playchess.com"]
[Source "ChessBase"]
[SourceQuality "1"]
[TimeControl "40/5400+30:1800+30"]

1. e4 c5 2. Nf3 d6 3. d4 cxd4 4. Nxd4 Nf6 5. Nc3 g6 6. Be3 Bg7 7. f3 Nc6 8. Qd2 Bd7 9. O-O-O h5 10. Kb1 Rc8 11. h3 a6 12. Be2 h4 13. f4 b5 14. Nxc6 Bxc6 15. Bf3 Qc7 16. Bd4 Kf8 17. Rhe1 Ne8 18. Bg4 Rd8 19. f5 gxf5 20. Bxf5 e6 21. Bg4 Qe7 22. Qf2 Bxd4 23. Qxd4 e5 24. Qb6 Qc7 25. Qe3 Nf6 26. Rf1 Nxg4 27. hxg4 b4 28. Nd5 Bxd5 29. exd5 Rc8 30. Rf2 Qd7 31. Rdf1 Rh7 32. Qe4 Rg7 33. g5 Rxg5 34. Qxh4 Rg7 35. Qh8+ Rg8 36. Qh6+ Ke8 37. Qh7 Rf8 38. g4 f6 39. Qg6+ Qf7 40. Qe4 Qg7 41. Qxb4 Kd7 42. Qa4+ Ke7 43. Qxa6 Qxg4 44. Qb7+ Qd7 45. Qxd7+ Kxd7 46. Rxf6 Rxf6 47. Rxf6 Rc5 48. Rf7+ Ke8 49. Rh7 Rxd5 50. Kc1 e4 51. Rh4 Re5 52. Kd2 Kd7 53. Ke3 d5 54. Kd4 Rg5 55. Rh2 Kc6 56. a4 Rg3 57. b4 *

[Event "FIDE WCCC U12 2018"]
[Site "Santiago de Compostela"]
[Date "2018.11.05"]
[Round "2"]
[White "Ghazarian, Kirk"]
[Black "Maldonado Mena, German"]
[Result "1/2-1/2"]
[ECO "E62"]
[WhiteElo "2264"]
[BlackElo "1898"]
[Annotator "ChessBase"]
[PlyCount "89"]
[EventDate "2018.11.04"]
[EventType "swiss"]
[EventCountry "ESP"]
[SourceTitle "playchess.com"]
[Source "ChessBase"]
[SourceQuality "1"]
[TimeControl "40/5400+30:1800+30"]

1. d4 Nf6 2. c4 g6 3. g3 Bg7 4. Bg2 O-O 5. Nc3 d6 6. Nf3 Nc6 7. O-O e5 8. d5 Ne7 9. e4 Nd7 10. Ne1 f5 11. Nd3 Nf6 12. Bg5 h6 13. Bxf6 Bxf6 14. f3 c6 15. Qd2 cxd5 16. cxd5 Qb6+ 17. Kh1 Bg7 18. Rac1 fxe4 19. fxe4 Bd7 20. b3 Rxf1+ 21. Bxf1 Rf8 22. Bg2 Kh7 23. Rf1 Rxf1+ 24. Bxf1 Bf6 25. Kg2 Bg5 26. Qf2 Qxf2+ 27. Kxf2 h5 28. Nb2 a6 29. a4 Bd2 30. Na2 b5 31. axb5 axb5 32. Nd3 Ba5 33. Kg2 Kg7 34. Ndb4 Nc8 35. Na6 Na7 36. N6b4 Kf7 37. Nc2 Bd2 38. Kf2 Bg4 39. Be2 Bd7 40. Bd3 Bg4 41. Na3 Bd1 42. Bc2 Bg4 43. Bd3 Bd1 44. Bc2 Bg4 45. Nb1 1/2-1/2

[Event "FIDE WCCC U12 2018"]
[Site "Santiago de Compostela"]
[Date "2018.11.05"]
[Round "2"]
[White "Flores Quillas, Diego Saul Rodri"]
[Black "Suleymanli, Suleyman"]
[Result "1/2-1/2"]
[ECO "C14"]
[WhiteElo "2205"]
[BlackElo "1882"]
[Annotator "ChessBase"]
[PlyCount "139"]
[EventDate "2018.11.04"]
[EventType "swiss"]
[EventCountry "ESP"]
[SourceTitle "playchess.com"]
[Source "ChessBase"]
[SourceQuality "1"]
[TimeControl "40/5400+30:1800+30"]

1. e4 e6 2. d4 d5 3. Nc3 Nf6 4. Bg5 Be7 5. e5 Nfd7 6. Bxe7 Qxe7 7. f4 a6 8. Nf3 c5 9. dxc5 Qxc5 10. Qd2 Nc6 11. Bd3 b5 12. O-O-O Bb7 13. Kb1 h6 14. Ne2 O-O-O 15. Qe1 g6 16. h4 h5 17. Qg1 Qxg1 18. Rhxg1 Ne7 19. Ned4 Nf5 20. Bxf5 gxf5 21. Ng5 Rdf8 22. Nb3 Kd8 23. c3 Ke7 24. Kc2 Rc8 25. Kd3 Nc5+ 26. Nxc5 Rxc5 27. Rd2 a5 28. a3 Ba6 29. Ke3 Rb8 30. Ra1 Rh8 31. Rd4 a4 32. Rh1 Rcc8 33. Rh3 Rh6 34. Kf2 Rg8 35. Rd1 Rc8 36. Rg3 Rb8 37. Nf3 Rg6 38. Rg5 Rh8 39. Ke3 Kd7 40. Rh1 Rh7 41. Nd4 Rh8 42. Rh3 Rh7 43. Ne2 Bb7 44. Kd4 Kc6 45. Ng3 Rgh6 46. Ne2 Rg6 47. Rhg3 Rhh6 48. Ng1 Bc8 49. Nf3 Bd7 50. Kd3 Kb6 51. Nd4 Bc8 52. Kc2 Bd7 53. b3 Kc5 54. Rh3 Rh8 55. Rh1 axb3+ 56. Nxb3+ Kb6 57. Nd4 Ra8 58. Kb3 Rh8 59. Kc2 Ra8 60. Ra1 Kc5 61. Kd3 Rh8 62. Ra2 Rxg5 63. hxg5 h4 64. Nf3 Bc6 65. Ra1 h3 66. Rh1 d4 67. cxd4+ Kb6 68. Ke3 Bxf3 69. Kxf3 hxg2 70. Rg1 1/2-1/2

[Event "FIDE WCCC U12 2018"]
[Site "Santiago de Compostela"]
[Date "2018.11.05"]
[Round "2"]
[White "Droin, Augustin"]
[Black "Ermachenko, Manuel"]
[Result "1-0"]
[ECO "B42"]
[WhiteElo "2155"]
[BlackElo "1862"]
[Annotator "ChessBase"]
[PlyCount "153"]
[EventDate "2018.11.04"]
[EventType "swiss"]
[EventCountry "ESP"]
[SourceTitle "playchess.com"]
[Source "ChessBase"]
[SourceQuality "1"]
[TimeControl "40/5400+30:1800+30"]

1. e4 c5 2. Nf3 e6 3. d4 cxd4 4. Nxd4 a6 5. Bd3 Qc7 6. O-O Nf6 7. Re1 d6 8. c4 b6 9. Nc3 Bb7 10. a4 Be7 11. a5 bxa5 12. Qa4+ Nbd7 13. Nb3 O-O 14. Qxa5 Qb8 15. Bc2 Ne5 16. Qb4 Qc7 17. Na5 Rfb8 18. Qa4 Nfd7 19. Be3 Nb6 20. Bxb6 Qxb6 21. b4 Bc8 22. Rab1 Bd7 23. Qa2 Rc8 24. Nd1 Qc7 25. Nb2 Rab8 26. f4 Ng4 27. Nd3 Bf6 28. e5 dxe5 29. h3 e4 30. Rxe4 Bc6 31. Nxc6 Qxc6 32. Nc5 Rxb4 33. Nxa6 Rxb1+ 34. Bxb1 Nh6 35. c5 Be7 36. Kh2 g6 37. Rc4 f5 38. Bd3 Rd8 39. Nb4 Qc7 40. Qa6 Kf7 41. Qb6 Qxb6 42. cxb6 Rb8 43. Rc7 Rxb6 44. Nc6 Ng8 45. Ne5+ Kg7 46. Bc4 Rd6 47. Nc6 Kf7 48. Ne5+ Kg7 49. g4 h6 50. Kg3 Rb6 51. g5 hxg5 52. fxg5 Rd6 53. h4 Rd4 54. Nf3 Re4 55. Rc6 Bd6+ 56. Rxd6 Rxc4 57. Rxe6 Rc7 58. Ne5 Ne7 59. Rf6 f4+ 60. Kg4 Ra7 61. Rf7+ Kg8 62. Rxe7 Rxe7 63. Nxg6 Rg7 64. Nxf4 Kh7 65. h5 Ra7 66. Nd5 Kg7 67. h6+ Kg6 68. Nf4+ Kh7 69. Kh5 Ra5 70. Ne6 Re5 71. Nf8+ Kg8 72. h7+ Kh8 73. Ng6+ Kxh7 74. Nxe5 Kg7 75. g6 Kh8 76. Kh6 Kg8 77. Ng4 1-0

[Event "FIDE WCCC U12 2018"]
[Site "Santiago de Compostela"]
[Date "2018.11.05"]
[Round "2"]
[White "Bui, Bao Anh Le"]
[Black "Sethuraman, Sandeep"]
[Result "1-0"]
[ECO "C50"]
[WhiteElo "2101"]
[BlackElo "1837"]
[Annotator "RC"]
[PlyCount "51"]
[EventDate "2018.11.04"]
[EventType "swiss"]
[EventCountry "ESP"]
[SourceTitle "playchess.com"]
[Source "ChessBase"]
[SourceQuality "1"]
[TimeControl "40/5400+30:1800+30"]

1. e4 e5 2. Nf3 Nc6 3. Bc4 Bc5 4. d3 Nf6 5. Nbd2 O-O 6. c3 d5 7. exd5 Nxd5 8. O-O h6 9. Re1 Bg4 10. h3 Bh5 11. Ne4 Be7 12. Ng3 Bxf3 13. Qxf3 Nb6 14. Bb5 Bf6 15. Nh5 Bg5 16. Bxc6 bxc6 17. Rxe5 Qd6 18. d4 Bxc1 19. Rxc1 Nc4 20. Rc5 Nxb2 21. Rxc6 Qe7 22. Rc2 Na4 23. Re2 Qa3 24. Kh2 g6 25. Qg4 Kh7 26. Rxg6 1-0

[Event "FIDE WCCC U12 2018"]
[Site "Santiago de Compostela"]
[Date "2018.11.05"]
[Round "2"]
[White "Razafindratsima, Timothe"]
[Black "Perez Bolanos, David"]
[Result "1/2-1/2"]
[ECO "C50"]
[WhiteElo "2092"]
[BlackElo "1819"]
[Annotator "NA"]
[PlyCount "154"]
[EventDate "2018.11.04"]
[EventType "swiss"]
[EventCountry "ESP"]
[SourceTitle "playchess.com"]
[Source "ChessBase"]
[SourceQuality "1"]
[TimeControl "40/5400+30:1800+30"]

1. e4 e5 2. Nf3 Nc6 3. Bc4 Bc5 4. O-O Nf6 5. d3 a6 6. a4 d6 7. c3 Ba7 8. b4 {LiveBook: 33 Games} h6 {C54: Giuoco Piano: 4 c3 Nf6, main lines with 5 d4 and 5 d3} 9. Na3 g5 $146 ({Predecessor:} 9... O-O 10. Re1 Ne7 11. a5 Ng6 12. h3 Re8 {1-0 (72) Kovalenko,I (2664)-Volke,K (2461) Germany 2016}) 10. Be3 Bxe3 11. fxe3 Be6 12. Nd2 O-O 13. Qf3 Nd7 14. d4 Bxc4 15. Naxc4 Ne7 16. dxe5 Nxe5 17. Nxe5 dxe5 18. Nc4 Ng6 19. Rad1 Qe7 20. Qh3 Qe6 (20... Rad8 $14) 21. Qxe6 fxe6 22. Na5 b5 23. axb5 axb5 24. Rd7 Rxf1+ 25. Kxf1 Rf8+ 26. Kg1 Rf7 27. Rd8+ Rf8 28. Nc6 Rxd8 29. Nxd8 Ne7 30. Kf2 c6 31. Kf3 Kg7 32. Kg4 Kg6 33. Nxe6 h5+ 34. Kf3 Kf6 {[#]} 35. Nd8 $1 Kg6 (35... g4+ $16 {war nötig.} 36. Kg3 Kg5 37. Nf7+ Kf6) 36. Ke2 Kf6 37. Kd3 Kg6 38. Ne6 (38. h3 $16) 38... Kf6 39. Nc7 Nc8 $1 40. Na6 Ke6 41. Nc5+ Kd6 42. Nb3 Ke6 43. Nd2 Nd6 44. h3 Kf6 45. Nb3 Nc8 46. Na5 Na7 47. Ke2 Ke6 48. Nb3 Nc8 $1 49. Nc5+ Ke7 50. Nd3 Ke6 51. Kf3 Kf6 52. Nf2 Nb6 53. Ke2 Ke6 54. Nd3 Nc8 55. Nc1 Nd6 56. Kd3 Nc8 57. Ne2 Kf6 58. Ng3 Kg6 59. Nf5 Kf6 60. c4 Kg6 61. cxb5 (61. c5 $16) 61... cxb5 62. Ng3 Nd6 63. Ne2 Kf6 64. Nc3 Ke6 65. Nd5 Kf7 66. g3 Ke6 67. h4 g4 68. Nb6 Ke7 69. Nd5+ Ke6 70. Nc3 Ke7 71. Ne2 Ke6 72. Nc1 Nb7 73. Nb3 Nd6 74. Na5 Kd7 75. Nb3 Ke6 76. Nc5+ $11 Ke7 77. Na6 Kd7 1/2-1/2

[Event "FIDE WCCC U12 2018"]
[Site "Santiago de Compostela"]
[Date "2018.11.05"]
[Round "2"]
[White "Pavesi, Brando"]
[Black "Rusonik, Max"]
[Result "1-0"]
[ECO "A45"]
[WhiteElo "2073"]
[BlackElo "1814"]
[Annotator "NA RC"]
[PlyCount "61"]
[EventDate "2018.11.04"]
[EventType "swiss"]
[EventCountry "ESP"]
[SourceTitle "playchess.com"]
[Source "ChessBase"]
[SourceQuality "1"]
[TimeControl "40/5400+30:1800+30"]

1. d4 Nf6 2. Bf4 g6 3. Nc3 d5 {[%emt 0:07:35] A45: Trompowsky Attack} (3... c5 4. dxc5 Qa5 5. a3 Qxc5 6. e4 Bg7 7. Nf3 d6 8. h3 O-O 9. Qd2 b6 10. O-O-O Bb7 11. Be3 {1-0 (48) Nabaty,T (2692)-Almasi,Z (2702) Batumi 2018}) 4. h4 Bg7 5. e3 c6 6. Nf3 Qb6 7. Na4 $146 ({Predecessor:} 7. Rb1 Bg4 8. Be2 Nbd7 9. b4 O-O 10. O-O Qd8 11. a4 Bxf3 12. Bxf3 {½-½ (34) Mousavi,S (2458)-Matinian,N (2506) Khomein 2018}) 7... Qa5+ 8. c3 Na6 9. Bxa6 Qxa6 10. Nc5 Qb6 11. Qb3 Bf5 12. Ne5 Ne4 13. Nxe4 Bxe4 14. f3 f6 15. fxe4 fxe5 16. dxe5 Qxb3 17. axb3 dxe4 18. Ra4 Kf7 19. Rxe4 Ke6 $1 20. Ke2 b5 21. Rd1 a5 22. Red4 a4 23. bxa4 Rxa4 24. Rd7 Ra2 25. Rc7 Rxb2+ 26. Kf3 b4 $2 (26... Rf8 $16) 27. Rxc6+ Kf7 28. e6+ Kf6 29. Rd5 g5 30. Rxg5 Rf8 31. Be5# {[%emt 0:00:13] Rh8} 1-0

[Event "FIDE WCCC U12 2018"]
[Site "Santiago de Compostela"]
[Date "2018.11.05"]
[Round "2"]
[White "Ristic, Luka"]
[Black "Tashev, Aleksandar"]
[Result "*"]
[ECO "B38"]
[WhiteElo "1897"]
[BlackElo "2211"]
[Annotator "ChessBase"]
[PlyCount "159"]
[EventDate "2018.11.04"]
[EventType "swiss"]
[EventCountry "ESP"]
[SourceTitle "playchess.com"]
[Source "ChessBase"]
[SourceQuality "1"]
[TimeControl "40/5400+30:1800+30"]

1. e4 c5 2. Nf3 Nc6 3. d4 cxd4 4. Nxd4 g6 5. c4 Bg7 6. Be3 Nf6 7. Nc3 d6 8. f3 O-O 9. Be2 Nd7 10. Nb3 b6 11. O-O Nc5 12. Qd2 Be6 13. Nd5 Rc8 14. Nd4 Bd7 15. Rad1 Ne6 16. Nb5 Rb8 17. Bh6 a6 18. Bxg7 Kxg7 19. Qc3+ f6 20. Na3 Be8 21. Qe3 Bf7 22. f4 Nc5 23. Rf3 Na7 24. Rh3 a5 25. Bd3 Bxd5 26. exd5 Re8 27. f5 g5 28. Qe2 Rh8 29. Qh5 Nxd3 30. Qh6+ Kg8 31. Rhxd3 Qf8 32. Qh3 h5 33. Re1 Rh7 34. Qe3 Qc8 35. Qe6+ Kf8 36. Qxc8+ Rxc8 37. Rb3 Rb8 38. Re6 g4 39. c5 Nc8 40. c6 Rg7 41. Nb5 Rg5 42. Nd4 Ke8 43. Rbe3 Kf7 44. a4 Ra8 45. Kf2 Ra7 46. Kg3 Ra8 47. Kf4 Ra7 48. Nb5 Ra8 49. Rc3 Rg8 50. Rce3 Rh8 51. Kg3 Rg8 52. Kf4 Rh8 53. Rb3 Rg8 54. Na3 Ra6 55. Nc4 Rh8 56. Rb5 Ke8 57. Re3 Kd8 58. Reb3 Kc7 59. Na3 Kd8 60. Nc2 Ke8 61. Nd4 Rg8 62. Ne6 Kf7 63. Kg3 Rh8 64. Nf4 Ke8 65. Re3 Kf7 66. Re4 Ra7 67. Kh4 Ra8 68. Nxh5 Rh7 69. Kxg4 Na7 70. Rxb6 Rg8+ 71. Kh4 Rxg2 72. Rxe7+ Kxe7 73. Rb7+ Kd8 74. Rxh7 Rxh2+ 75. Kg3 Rxb2 76. Rxa7 Rb3+ 77. Kg4 Rb4+ 78. Kf3 Rxa4 79. Nxf6 Ra3+ 80. Kf4 *

[Event "FIDE WCCC U12 2018"]
[Site "Santiago de Compostela"]
[Date "2018.11.05"]
[Round "2"]
[White "Djurovic, Peko"]
[Black "Chasin, Nico"]
[Result "0-1"]
[ECO "C77"]
[WhiteElo "1887"]
[BlackElo "2189"]
[Annotator "NA"]
[PlyCount "98"]
[EventDate "2018.11.04"]
[EventType "swiss"]
[EventCountry "ESP"]
[SourceTitle "playchess.com"]
[Source "ChessBase"]
[SourceQuality "1"]
[TimeControl "40/5400+30:1800+30"]

1. e4 e5 2. Nf3 Nc6 3. Bb5 a6 4. Ba4 Nf6 5. d4 exd4 6. O-O Be7 7. e5 Ne4 8. Re1 Nc5 9. Bxc6 dxc6 10. Nxd4 Ne6 {[%emt 0:00:06] C84: Closed Ruy Lopez: Unusual White 6th moves} 11. Nf5 Qxd1 12. Rxd1 Bf8 13. Nc3 (13. Be3 h5 14. Ng3 Nc5 15. Nc3 h4 16. Nge2 h3 17. g3 Bg4 18. Rd4 {1-0 (41) Gashimov,V (2733)-Tkachiev,V (2636) Warsaw 2010}) 13... Bd7 14. Be3 {[%emt 0:07:01] LiveBook: 4 Games} O-O-O 15. Ne4 h6 16. a4 $146 ({Predecessor:} 16. Rd2 g6 17. Nfg3 Bg7 18. Nf6 {0-1 (77) Erdelyi,Z (2380)-Solomon,K (2369) Budapest 2009}) 16... a5 17. c3 c5 18. c4 g6 19. Nfg3 Be7 20. Nc3 $1 f5 21. Nd5 Bf8 22. f4 Bc6 23. b3 Nd4 24. Nc3 Be7 25. Rab1 $1 b6 26. Nb5 Nxb5 27. axb5 Bb7 28. Rbc1 c6 29. bxc6 Bxc6 30. Ne2 $1 Be4 31. Nc3 Rxd1+ 32. Nxd1 Rd8 33. Nc3 Rd3 34. Kf2 Kd7 35. Ke2 Ke6 36. g4 $2 (36. Bd2 $11) 36... g5 37. Nxe4 fxe4 38. Rd1 gxf4 39. Bxf4 Rxb3 40. Bxh6 a4 (40... Kxe5 $19 41. Rd5+ Ke6) 41. g5 {[%emt 0:01:29] [#]} Rh3 ({Much worse is} 41... Kxe5 $6 42. g6 $11) (41... Kf5 $1 $17 42. h4 a3) 42. Rb1 $2 (42. Rg1 $1 $11 Rxh2+ 43. Ke3) 42... Kxe5 43. Rxb6 a3 44. Bg7+ Kf4 45. g6 (45. Rh6 $142 Re3+ 46. Kd1) 45... Rxh2+ 46. Ke1 Bh4+ 47. Kf1 Kf3 48. Kg1 Rh3 49. Kf1 Rh1# 0-1

[Event "FIDE WCCC U12 2018"]
[Site "Santiago de Compostela"]
[Date "2018.11.05"]
[Round "2"]
[White "Moll Gener, Joan"]
[Black "Chyzy, Jakub"]
[Result "0-1"]
[ECO "C56"]
[WhiteElo "1862"]
[BlackElo "2136"]
[Annotator "ChessBase"]
[PlyCount "198"]
[EventDate "2018.11.04"]
[EventType "swiss"]
[EventCountry "ESP"]
[SourceTitle "playchess.com"]
[Source "ChessBase"]
[SourceQuality "1"]
[TimeControl "40/5400+30:1800+30"]

1. e4 e5 2. Nf3 Nc6 3. Bc4 Nf6 4. d4 exd4 5. O-O Nxe4 6. Re1 d5 7. Bxd5 Qxd5 8. Nc3 Qh5 9. Nxe4 Be6 10. Bg5 Bd6 11. Bf6 Bxh2+ 12. Nxh2 Qxd1 13. Raxd1 gxf6 14. Nxf6+ Ke7 15. Ne4 Rad8 16. Nf3 b6 17. Rd2 Rd7 18. Ng3 Rhd8 19. Ng5 Kf6 20. N3e4+ Kg7 21. Nxe6+ fxe6 22. Ng5 Kf6 23. Rxe6+ Kxg5 24. Rxc6 Re8 25. f3 h5 26. Kf2 h4 27. Rc4 c5 28. b4 Rd5 29. bxc5 bxc5 30. Rd3 Rde5 31. Rd2 Rd5 32. Ra4 Re7 33. c4 Rde5 34. Ra3 Kf4 35. Ra6 R5e6 36. Ra5 Rc6 37. Rd3 a6 38. Rda3 Ree6 39. Rd3 Re3 40. Rxc5 Rxd3 41. Rxc6 Rd2+ 42. Kf1 Rxa2 43. Re6 d3 44. Re4+ Kg5 45. Rd4 Rd2 46. Rg4+ Kh5 47. g3 hxg3 48. Rxg3 a5 49. f4 a4 50. Ke1 Re2+ 51. Kd1 a3 52. Rxd3 a2 53. Kxe2 a1=Q 54. c5 Qa2+ 55. Kf3 Kg6 56. Ke4 Qc4+ 57. Rd4 Qxc5 58. Rd5 Qc2+ 59. Kf3 Qc6 60. Ke4 Kf6 61. Kd4 Qa4+ 62. Ke3 Qa3+ 63. Ke4 Qa8 64. Kd4 Qa4+ 65. Ke3 Qa3+ 66. Ke4 Qb4+ 67. Ke3 Qe1+ 68. Kd4 Qd2+ 69. Ke4 Qe2+ 70. Kd4 Qf3 71. f5 Qf4+ 72. Kc5 Qc7+ 73. Kd4 Qb6+ 74. Kc4 Qc6+ 75. Kd4 Qb6+ 76. Kc4 Qa6+ 77. Kd4 Qc6 78. Rc5 Qa4+ 79. Kc3 Qe4 80. Kb3 Qb7+ 81. Kc4 Qa8 82. Kb5 Qb7+ 83. Kc4 Ke7 84. Rd5 Qa6+ 85. Kd4 Qb6+ 86. Ke4 Kf6 87. Kd3 Kg5 88. Ke4 Qb4+ 89. Kd3 Qf4 90. Rc5 Kf6 91. Rd5 Ke7 92. Kc3 Qe4 93. Rb5 Kd6 94. f6 Kc6 95. f7 Qf3+ 96. Kb4 Qf4+ 97. Ka5 Qd2+ 98. Ka4 Qa2+ 99. Kb4 Qb2+ 0-1

[Event "FIDE WCCC U12 2018"]
[Site "Santiago de Compostela"]
[Date "2018.11.05"]
[Round "2"]
[White "Arfan, Aditya Bagus"]
[Black "Yu, Jason"]
[Result "0-1"]
[ECO "C77"]
[WhiteElo "1841"]
[BlackElo "2097"]
[Annotator "NA RC"]
[PlyCount "106"]
[EventDate "2018.11.04"]
[EventType "swiss"]
[EventCountry "ESP"]
[SourceTitle "playchess.com"]
[Source "ChessBase"]
[SourceQuality "1"]
[TimeControl "40/5400+30:1800+30"]

1. e4 e5 2. Nf3 Nc6 3. Bb5 a6 4. Ba4 Nf6 5. Qe2 b5 6. Bb3 d6 7. c3 {[%emt 0:00:26] LiveBook: 18 Games} h6 {[%emt 0:00:23] C77: Ruy Lopez: 3...a6 4 Ba4 Nf6, unusual lines} (7... Be7 8. O-O Bg4 9. h3 Bh5 10. Rd1 Na5 11. Bc2 c6 12. d4 Qc7 13. Nbd2 O-O 14. a4 Rfe8 15. axb5 axb5 16. g4 Bg6 17. dxe5 dxe5 18. b4 Nb7 19. Rxa8 Rxa8 20. Bb3 {½-½ (20) Mamedov,R (2624)-Filippov,A (2637) Nakhchivan 2012}) 8. O-O Be7 9. d4 $146 ({Predecessor:} 9. Rd1 Bg4 10. h3 Bxf3 11. Qxf3 O-O 12. d4 Qe8 13. Be3 Kh8 14. Nd2 {1-0 (29) Lyashenko,A (2022)-Koltsov,V (2064) Novokuznetsk 2014}) 9... Bg4 10. d5 Na5 11. Bc2 O-O 12. a4 Qd7 13. axb5 axb5 14. Na3 Nc4 15. b3 {[%emt 0:09:05] [#]} Nxa3 $1 16. Rxa3 Rxa3 17. Bxa3 Ra8 18. Ra1 c6 19. c4 cxd5 20. cxd5 {[%emt 0:00:32] [#]} b4 $1 21. Bb2 Rxa1+ 22. Bxa1 Qa7 23. Qe1 Bxf3 24. gxf3 Nh5 25. Bb2 Qc5 26. Bd3 Nf4 27. Bc4 Bh4 28. Bf1 Qc2 29. Bc1 Bxf2+ 30. Qxf2 Qxc1 31. Qb6 Qc3 32. Kf2 Qc2+ 33. Kg3 Qd1 (33... Qxb3 $142 34. Qxd6 Qc3) 34. Bc4 h5 35. Qf2 Kh7 36. h3 Qh1 37. Qf1 Qxf1 (37... h4+ $142 38. Kf2 Qh2+ 39. Ke1 Qc2) 38. Bxf1 Kg6 39. Bb5 Kf6 40. Bc4 Ke7 41. Bb5 Kd8 42. h4 f6 43. Kf2 g5 44. Kg3 Kc7 45. Be8 Kb6 46. hxg5 fxg5 47. Bxh5 Nxh5+ 48. Kg4 Nf4 49. Kxg5 $11 Kc5 (49... Nd3 50. f4) 50. Kf6 Kb6 $11 (50... Ne2 {setzt Matt} 51. Kg5 Nc1 52. f4 Nxb3 53. f5 Nd2 54. Kg6 Nxe4 55. Kg7 Kxd5 56. f6 b3 57. f7 Ng5 58. f8=R Ne6+ 59. Kf7 Nxf8 60. Kxf8 e4 61. Ke7 e3 62. Kf7 b2 63. Kg6 e2 64. Kf5 b1=Q+ 65. Kf6 e1=Q 66. Kg5 Qg3+ 67. Kf6 Qb7 68. Kf5 Qf7#) 51. Kf7 $2 Kc7 52. Ke8 Ng6 53. Kf7 Nh4 0-1

[Event "FIDE WCCC U12 2018"]
[Site "Santiago de Compostela"]
[Date "2018.11.05"]
[Round "2"]
[White "Yavuz, Efe Metehan"]
[Black "Creanga, Robert-Ionut"]
[Result "1/2-1/2"]
[ECO "A37"]
[WhiteElo "1828"]
[BlackElo "2066"]
[Annotator "NA RC"]
[PlyCount "66"]
[EventDate "2018.11.04"]
[EventType "swiss"]
[EventCountry "ESP"]
[SourceTitle "playchess.com"]
[Source "ChessBase"]
[SourceQuality "1"]
[TimeControl "40/5400+30:1800+30"]

1. Nf3 c5 2. c4 Nc6 3. Nc3 g6 4. g3 Bg7 5. Bg2 e6 6. O-O Nge7 7. d3 d5 8. cxd5 exd5 9. Bd2 {[%emt 0:00:20] A37: Symmetrical English vs ...g6: 4 Bg2 Bg7 5 Nf3} O-O 10. Qc1 (10. a3 h6 11. Rb1 a5 12. Qc1 Kh7 13. Nb5 Qb6 14. a4 Na7 15. Nxa7 Qxa7 16. e4 Be6 17. Bc3 {0-1 (66) Dzagnidze,N (2520)-Muzychuk,A (2558) Doha 2016}) 10... d4 11. Ne4 b6 12. Bh6 {[%emt 0:01:49] LiveBook: 4 Games} f5 13. Qc4+ $146 ({Predecessor:} 13. Bxg7 Kxg7 14. Ned2 Bb7 15. b4 cxb4 16. Nb3 Qd6 {0-1 (46) Nguyen,H (2218)-Hoang,C (2405) Bac Giang 2016}) 13... Kh8 14. Bxg7+ Kxg7 15. Neg5 Qd6 16. h4 h6 17. Nh3 Be6 18. Qc1 Rac8 19. Nf4 Bg8 20. Re1 Nd5 21. Qd2 Rfe8 22. Bh3 Nxf4 23. gxf4 Bd5 24. Bg2 Qf6 25. h5 (25. a3 $17 {was worth a try.}) 25... gxh5 26. e3 Kh8 (26... Qg6 $2 27. Nh4 $17) 27. Kf1 Rg8 28. Bh1 dxe3 (28... Rce8 $142 29. Ke2 Bxf3+ 30. Kxf3 Nb4) 29. fxe3 Nb4 $2 (29... Bxf3 $19 30. Bxf3 Rg3) 30. a3 Bxf3 31. Bxf3 Nc6 32. Qc3 $1 Qxc3 33. bxc3 Ne7 $14 1/2-1/2